 Dungeon Crawl Stone Soup version 0.25.1-8-g42b30a86e7 (webtiles) character file.

Game seed: 3707092257264855730

1012 Clowwww the Chopper (level 8, -2/62 HPs)
             Began as a Demonspawn Fighter on Dec 26, 2020.
             Slain by an orc warrior
             ... wielding a +0 scimitar
              (13 damage)
             ... on level 6 of the Dungeon.
             The game lasted 00:13:01 (5745 turns).

Clowwww the Chopper (Demonspawn Fighter)            Turns: 5745, Time: 00:13:01

Health: -2/62      AC: 11    Str: 18    XL:     8   Next: 1%
Magic:  8/8        EV:  8    Int: 10    God:
Gold:   315        SH:  9    Dex: 13    Spells: 7/7 levels left

rFire    . . .     SeeInvis .   a - +0 war axe
rCold    + . .     Gourm    .   c - +0 kite shield
rNeg     . . .     Faith    .   b - +1 scale mail
rPois    .         Spirit   .   (no helmet)
rElec    .         Reflect  .   (no cloak)
rCorr    .         Harm     .   p - +0 pair of gloves (curse)
MR       .....                  (no boots)
Stlth    ..........             (no amulet)
HPRegen  0.20/turn              (no ring)
MPRegen  0.11/turn              (no ring)

@: no status effects
A: hooves 2, thin metallic scales 1, cold resistance 1, rot immunity
a: no special abilities


You were on level 6 of the Dungeon.
You were not hungry.

You visited 1 branch of the dungeon, and saw 6 of its levels.
You also visited: Sewer.

You collected 315 gold pieces.

Inventory:

Hand Weapons
 a - a +0 war axe (weapon)
Armour
 b - a +1 scale mail (worn)
 c - a +0 kite shield (worn)
 p - a cursed +0 pair of gloves (worn)
Jewellery
 i - an uncursed ring of fire {unknown}
 j - a +4 ring of evasion {unknown}
Wands
 r - a wand of paralysis (12)
Scrolls
 d - a scroll of remove curse
 h - a scroll of fog
 l - a scroll of identify
Potions
 g - 2 potions of berserk rage {unknown}
 k - 3 potions of flight
 m - a potion of cancellation {unknown}
 n - a potion of magic {unknown}
 o - 2 potions of heal wounds
 q - a potion of ambrosia {unknown}
Comestibles
 f - 8 rations


   Skills:
 + Level 5.2 Fighting
 + Level 6.1 Axes
 + Level 4.1 Armour
 + Level 1.3 Dodging
 + Level 0.2 Stealth
 + Level 3.8 Shields


You had 7 spell levels left.
You didn't know any spells.
Your spell library was empty.

Dungeon Overview and Level Annotations

Branches:
Dungeon (6/15)              Sewer (visited)
 Temple: D:4-7

Altars:
Elyvilon
Fedhas
Gozag
Kikubaaqudgha
Makhleb
Nemelex Xobeh
Qazlal
Vehumet
Yredelemnul


Innate Abilities, Weirdness & Mutations

You have hoof-like feet.
You are partially covered in thin metallic scales. (AC +2)
Your flesh is cold resistant. (rC+)
You are immune to rotting.


Message History

You block the orc warrior's attack.
You closely miss the orc warrior.
The orc warrior is heavily wounded.
You closely miss the orc. The orc hits you but does no damage.
The orc hits you with a +0 short sword.
The orc warrior hits you with a +0 scimitar!
* * * LOW HITPOINT WARNING * * *
You hit the orc warrior but do no damage.
You kick the orc warrior, but do no damage.
The orc warrior is heavily wounded.
You hit the orc.
You kill the orc!
The orc warrior barely misses you.
You closely miss the orc warrior. You kick the orc warrior.
The orc warrior is heavily wounded.
You block the orc warrior's attack.
You hit the orc warrior but do no damage.
The orc warrior is heavily wounded.
The orc warrior hits you with a +0 scimitar!
You die...

##..........##.##
#....###............#..#
##......##............<.#
#................##....##
.......#..........##>###
...................####
...........##..#...#
....##....###...####
..........)@...##
.........##o...#
........).#....#
.........##....#
........####...#
#......## ##.## .......
### ....... .......


You could see an orc warrior.

Vanquished Creatures
  Edmund (D:5)
  A phantom (D:5)
  An ogre (D:5)
  A big kobold (Sewer)
  2 howler monkeys (D:5)
  A jelly (D:5)
  A bullfrog skeleton (D:4)
  An orc priest (D:6)
  2 iguanas (D:5)
  Terence (D:2)
  3 worker ants
  A howler monkey skeleton (D:4)
  3 gnolls (D:2)
  11 adders
  3 river rats
  5 oozes (D:1)
  An adder zombie (D:5)
  2 worms
  A dart slug (D:3)
  4 leopard geckos
  10 orcs
  4 ball pythons
  13 giant cockroaches
  11 goblins
  9 hobgoblins
  11 jackals
  4 quokkas
  A ball python skeleton (D:4)
  9 bats
  7 frilled lizards
  9 kobolds
  A quokka skeleton (D:4)
  18 rats
  A spectral orc (D:3)
154 creatures vanquished.

Notes
Turn   | Place    | Note
-------+----------+-------------------------------------------
     0 | D:1      | Clowwww the Demonspawn Fighter began the quest for the Orb.
     0 | D:1      | Reached XP level 1. HP: 18/18 MP: 1/1
     2 | D:1      | Found a runed translucent door.
   157 | D:1      | Reached skill level 2 in Axes
   157 | D:1      | Gained mutation: You are immune to rotting. [demonic
                  | ancestry]
   157 | D:1      | Reached XP level 2. HP: 18/24 MP: 2/2
   712 | D:1      | Gained mutation: You have large cloven feet. [demonic
                  | ancestry]
   712 | D:1      | Reached XP level 3. HP: 23/29 MP: 3/3
   744 | D:1      | Gained mutation: Your flesh is cold resistant. (rC+)
                  | [demonic ancestry]
   744 | D:1      | Reached XP level 4. HP: 16/35 MP: 4/4
  1038 | D:2      | Found a faded altar of an unknown god.
  1042 | D:2      | Reached skill level 3 in Axes
  1118 | D:2      | Found a radiant altar of Vehumet.
  1353 | D:2      | Found a burning altar of Makhleb.
  1355 | D:2      | Noticed an Executioner
  1387 | D:2      | Noticed Terence
  1395 | D:2      | Killed Terence
  1837 | D:2      | Found a sparkling altar of Nemelex Xobeh.
  1892 | D:2      | Gained mutation: You are partially covered in thin metallic
                  | scales. (AC +2) [demonic ancestry]
  1892 | D:2      | Reached XP level 5. HP: 37/41 MP: 5/5
  2079 | D:2      | Reached skill level 4 in Axes
  2174 | D:3      | Found a basalt altar of Yredelemnul.
  2336 | D:3      | Found a glowing drain.
  2352 | Sewer    | Entered a sewer
  2628 | Sewer    | Reached XP level 6. HP: 23/48 MP: 6/6
  2803 | Sewer    | Found a white marble altar of Elyvilon.
  3283 | D:3      | Found a white marble altar of Elyvilon.
  3284 | D:3      | Found an ancient bone altar of Kikubaaqudgha.
  3624 | D:4      | Found a blossoming altar of Fedhas.
  3626 | D:4      | Found a stormy altar of Qazlal.
  4094 | D:4      | Found an opulent altar of Gozag.
  4129 | D:4      | Reached skill level 5 in Axes
  4372 | D:5      | Entered Level 5 of the Dungeon
  4442 | D:5      | Reached skill level 1 in Dodging
  4442 | D:5      | Gained mutation: You have hoof-like feet. [demonic
                  | ancestry]
  4442 | D:5      | Reached XP level 7. HP: 38/54 MP: 7/7
  4537 | D:5      | Noticed Edmund
  4559 | D:5      | Killed Edmund
  5093 | D:5      | Reached skill level 5 in Fighting
  5423 | D:5      | Reached skill level 6 in Axes
  5732 | D:6      | Reached XP level 8. HP: 9/62 MP: 8/8
  5736 | D:6      | HP: 2/62 [orc warrior/+0 scimitar (5)]
  5745 | D:6      | Slain by an orc warrior

Illustrated notes

Levels and vault maps discovered:
D:1:      dpeg_arrival_caged_fury, layout_rooms
D:2:      layout_basic, lemuel_crystal_altar, fiery_altar_vehumet,
          chequers_ecumenical_altar_simple, makhleb_altar_promises_db,
          uniq_terence
D:3:      layout_loops_ring, nicolae_overflow_hidden_temple,
          yredelemnul_forgotten_temple_becter, portal_sewer_entry_e,
          first_ration
D:4:      layout_loops_ring, grunt_temple_overflow_forces_of_nature,
          serial_forest, infiniplex_forest_lined_room_2,
          infiniplex_forest_lined_3, infiniplex_forest_clump_long,
          infiniplex_forest_clump_C, infiniplex_forest_end_2,
          infiniplex_forest_lined_room_, infiniplex_forest_corner_1,
          nicolae_gozag_cash_rules_everything_around_me
D:5:      layout_rooms, kennysheep_diamond, kennysheep_boxes, uniq_edmund
D:6:      layout_cave_pools, old_standard_altar, minmay_temple_entry_tees

Skill      XL: |  1  2  3  4  5  6  7 |
---------------+----------------------+-----
Axes           | 2 3 4 5 6 |  6.1
Shields        | 3 |  3.8
Armour         | 3 4 |  4.1
Fighting       | 4 5 |  5.2
Dodging        | 1 |  1.3
Stealth        | |  0.2

Action                   |  1- 3 |  4- 6 |  7- 9 || total
-------------------------+-------+-------+-------++-------
Melee: War axe           |   110 |   285 |    91 ||   486
       Kick              |     5 |    53 |    17 ||    75
  Use: Scroll            |       |     8 |       ||     8
       Potion            |       |     3 |     4 ||     7
  Eat: Chunk             |       |    10 |     3 ||    13
       Ration            |       |       |     1 ||     1
Armor: Scale mail        |    57 |   138 |    50 ||   245
Dodge: Dodged            |    38 |    86 |    33 ||   157
Block: Kite shield       |    66 |   136 |    64 ||   266
